 Dungeon Crawl Stone Soup version 0.30-a0-779-g7971cf19c3 (webtiles) character file.

Game seed: 12721438979024989320

6143594 holysushi the Talismancer (level 27, 219/227 HPs)
             Began as a Demonspawn Transmuter on Feb 13, 2023.
             Was a High Priest of Okawaru.
             Escaped with the Orb
             ... and 9 runes on Feb 18, 2023!
             The game lasted 04:01:47 (101014 turns).

holysushi the Talismancer (Demonspawn Transmuter) Turns: 101014, Time: 04:01:47

Health: 219/227    AC: 17    Str:  5 (6)  XL:     27
Magic:  44/44      EV: 46    Int: 18 (19) God:    Okawaru [*****.]
Gold:   3053       SH: 25    Dex: 39 (40) Spells: 22/30 levels left

rFire   + . .      SeeInvis +    a - +9 staff of Olgreb {rPois∞}
rCold   . . .      Faith    .    k - +0 kite shield "Fobiloxt" {Dex+6}
rNeg    + + .      Spirit   .    p - +0 animal skin of Ennui {rPois Regen+}
rPois   ∞          Reflect  .    D - +3 crown of Dyrovepreva {rElec Int+2 SInv}
rElec   +          Harm     .    Q - +1 cloak "Iluery" {rElec Dex+2}
rCorr   .          Rampage  .    (gloves unavailable)
Will    +++++      Rnd*Tele +    n - +1 pair of boots of Follow the Leader {Dex+3}
Stlth   +                        d - amulet of regeneration
HPRegen 2.17/turn                I - ring "Wuc Ruac" {Fly Will+ MP+9 Str-2 Dex+5}
MPRegen 0.29/turn                Z - ring "Fafaj" {Drain rF+ rN++ Will+ SInv}

@: flying, glowing, studying 4 skills
A: (demonic guardian 3), hurl damnation, icemail 2, torment resistance 1,
sanguine armour 3, condensation shield, demonic willpower, demonic touch 3,
antennae 1, hooves 1, deterioration 2, dopey 1, robust 1, teleportitis 1, weak
1, subdued magic 1, sturdy frame 1
0: Orb of Zot
}: 9/15 runes: decaying, slimy, silver, abyssal, demonic, glowing, magical,
dark, gossamer
a: Hurl Damnation, Renounce Religion, Evoke the Staff of Olgreb, Heroism,
Finesse, Duel


You escaped.
You worshipped Okawaru.
Okawaru was extremely pleased with you.
You visited 13 branches of the dungeon, and saw 58 of its levels.
You visited Pandemonium 2 times, and saw 14 of its levels.
You visited the Abyss 4 times.
You also visited: Trove, Bailey, Gauntlet and Ice Cave.

You collected 11984 gold pieces.
You spent 8931 gold pieces at shops.

Inventory:

Hand Weapons
 a - the +9 staff of Olgreb (weapon) {rPois∞}
   (You found it on level 3 of the Lair of Beasts)

   It enhances your poison magic.
   It grants immunity to poison.
   It can be activated via the 'a'bility menu to radiate toxic energy, with
   effectiveness depending on Evocations skill.
 b - the +3 greatsling "Punk" {acid, rCorr}
   (You found it on level 3 of the Crypt)

   rCorr:     It protects you from acid and corrosion.
 c - a +9 rapier of speed
Missiles
 w - a throwing net
Armour
 k - the +0 kite shield "Fobiloxt" (worn) {Dex+6}
   (Okawaru gifted it to you on level 2 of the Vaults)

   Dex:       It affects your dexterity (+6).
 m - the +1 helmet of Paranoia {Regen+}
   (You found it on level 5 of the Pits of Slime)

   Regen:     It increases your rate of health regeneration.
 n - the +1 pair of boots of Follow the Leader (worn) {Dex+3}
   (Okawaru gifted it to you on level 15 of the Dungeon)

   Dex:       It affects your dexterity (+3).
 p - the +0 animal skin of Ennui (worn) {rPois Regen+}
   (Okawaru gifted it to you on level 4 of the Vaults)

   rPois:     It protects you from poison.
   Regen:     It increases your rate of health regeneration.
 u - an orb of guile
 D - the +3 crown of Dyrovepreva (worn) {rElec Int+2 SInv}
   (You found it on level 5 of the Vaults)

   Int:       It affects your intelligence (+2).
   rElec:     It insulates you from electricity.
   SInv:      It lets you see invisible.
 P - quicksilver dragon scales
 Q - the +1 cloak "Iluery" (worn) {rElec Dex+2}
   (Okawaru gifted it to you on level 9 of the Dungeon)

   Dex:       It affects your dexterity (+2).
   rElec:     It insulates you from electricity.
Jewellery
 d - an amulet of regeneration (around neck)
 l - a +6 ring of dexterity
 z - an amulet of reflection
 I - the ring "Wuc Ruac" (left hand) {Fly Will+ MP+9 Str-2 Dex+5}
   (You acquired it on level 11 of the Dungeon)

   [ring of magical power]

   Str:       It affects your strength (-2).
   Dex:       It affects your dexterity (+5).
   MP:        It affects your magic capacity (+9).
   Fly:       It grants you flight.
   Will:      It increases your willpower.
 Z - the ring "Fafaj" (right hand) {Drain rF+ rN++ Will+ SInv}
   (You found it on level 5 of the Pits of Slime)

   [ring of protection from fire]

   rF:        It protects you from fire.
   rN:        It greatly protects you from negative energy.
   SInv:      It lets you see invisible.
   Drain:     It drains your maximum health when unequipped.
   Will:      It increases your willpower.
Wands
 o - a wand of paralysis (69)
 x - a wand of mindburst (45)
 M - a wand of quicksilver (19)
 S - a wand of roots (34)
Scrolls
 i - 13 scrolls of fear
 q - 6 scrolls of enchant weapon
 r - 2 scrolls of butterflies
 v - 12 scrolls of vulnerability
 y - 3 scrolls of teleportation
 C - 11 scrolls of immolation
 G - 3 scrolls of silence
 O - 9 scrolls of enchant armour
 R - 11 scrolls of fog
 W - 8 scrolls of magic mapping
Potions
 f - 5 potions of attraction
 g - 9 potions of haste
 h - 12 potions of brilliance
 s - 4 potions of berserk rage
 t - 3 potions of cancellation
 A - 21 potions of curing
 F - 7 potions of resistance
 H - 13 potions of lignification
 J - 5 potions of invisibility
 L - 7 potions of magic
 N - 7 potions of flight
 U - 11 potions of might
 V - 4 potions of ambrosia
Miscellaneous
 j - a phial of floods
 K - a piece from Xom's chessboard (15/15)
 T - a condenser vane
 Y - a lightning rod (4/4)


   Skills:
 - Level 15.0 Fighting
 - Level 13.2 Short Blades
 - Level 12.0 Staves
 - Level 14.0 Ranged Weapons
 - Level 5.0 Armour
 + Level 22.6 Dodging
 - Level 16.0 Stealth
 - Level 22.0 Shields
 - Level 4.5 Unarmed Combat
 - Level 2.0 Spellcasting
 - Level 6.0 Transmutations
 + Level 16.2 Invocations
 O Level 27 Evocations


You had 22 spell levels left.
You knew the following spells:

 Your Spells              Type           Power      Damage    Failure   Level
a - Beastly Appendage     Tmut           36%        N/A       1%          1
b - Wereblood             Tmut           18%        N/A       2%          2
c - Blink                 Tloc           2%         N/A       30%         2
d - Portal Projectile     Hex/Tloc       2%         N/A       52%         3

Your spell library contained the following spells:

 Spells                   Type           Power      Damage    Failure   Level
 Passwall                 Tmut/Erth      7%         N/A       8%          2
 Spider Form              Tmut/Pois      14%        N/A       17%         3
 Apportation              Tloc           2%         N/A       19%         1
 Magic Dart               Conj           4%         1d3       19%         1
 Necrotise                Necr           4%         1d4       19%         1
 Sandblast                Erth           2%         2d4       19%         1
 Shock                    Conj/Air       4%         1d3       19%         1
 Slow                     Hex            4%         N/A       19%         1
 Ignite Poison            Fire/Tmut/Pois 10%        N/A       26%         3
 Cigotuvi's Dreadful Rot  Necr/Pois/Air  4%         N/A       30%         2
 Lesser Beckoning         Tloc           2%         N/A       30%         2
 Momentum Strike          Conj/Tloc      2%         3d8       30%         2
 Scorch                   Fire           2%         2d5       30%         2
 Searing Ray              Conj           2%         2d4       30%         2
 Static Discharge         Conj/Air       2%         2-3/arc   30%         2
 Sublimation of Blood     Necr           1%         N/A       30%         2
 Blade Hands              Tmut           9%         N/A       43%         5
 Ice Form                 Ice/Tmut       9%         N/A       50%         4
 Petrify                  Tmut/Erth      9%         N/A       50%         4
 Confusing Touch          Hex            1%         N/A       52%         3
 Dazzling Flash           Conj/Hex       2%         N/A       52%         3
 Frozen Ramparts          Ice            2%         1d1       52%         3
 Gell's Gravitas          Tloc           1%         N/A       52%         3
 Inner Flame              Hex/Fire       1%         N/A       52%         3
 Kindle Blastsparks       Fire/Tloc/Air  2%         2d10      52%         3
 Mephitic Cloud           Conj/Pois/Air  2%         N/A       52%         3
 Ozocubu's Armour         Ice            1%         N/A       52%         3
 Stone Arrow              Conj/Erth      2%         3d7       52%         3
 Swiftness                Air            1%         N/A       52%         3
 Teleport Other           Tloc           1%         N/A       52%         3
 Vampiric Draining        Necr           1%         2d6       52%         3
 Vhi's Electric Charge    Tloc/Air       2%         N/A       52%         3
 Irradiate                Conj/Tmut      4%         3d13      86%         5
 Airstrike                Air            0%         2d(1-17)  90%         4
 Anguish                  Hex/Necr       0%         N/A       90%         4
 Cause Fear               Hex            0%         N/A       90%         4
 Dispel Undead            Necr           1%         3d6       90%         4
 Flame Wave               Conj/Fire      1%         2d4       90%         4
 Fulminant Prism          Conj/Hex       0%         3d5       90%         4
 Iskenderun's Mystic Bla  Conj/Tloc      1%         2d3       90%         4
 Leda's Liquefaction      Hex/Erth       0%         N/A       90%         4
 Manifold Assault         Tloc           1%         N/A       90%         4
 Sticky Flame             Conj/Fire      1%         2d3       90%         4
 Agony                    Necr           1%         N/A       99%         5
 Arcjolt                  Conj/Air       0%         1d10      99%         5
 Borgnjor's Vile Clutch   Necr/Erth      0%         N/A       99%         5
 Fireball                 Conj/Fire      0%         3d3       99%         5
 Freezing Cloud           Conj/Ice/Air   0%         6-21      99%         5
 Iskenderun's Battlesphe  Conj           1%         2d6       99%         5
 Lee's Rapid Deconstruct  Erth           0%         3d4*      99%         5
 Lightning Bolt           Conj/Air       0%         1d11      99%         5
 Silence                  Hex/Air        0%         N/A       99%         5
 Conjure Ball Lightning   Conj/Air       0%         3x3d6     100%        6
 Dispersal                Tloc           0%         N/A       100%        6
 Iron Shot                Conj/Erth      0%         9d1       100%        6
 Starburst                Conj/Fire      0%         6d3       100%        6
 Statue Form              Tmut/Erth      6%         N/A       100%        6
 Dragon Form              Tmut           9%         N/A       100%        7
 Orb of Destruction       Conj           0%         9d5       100%        7
 Ozocubu's Refrigeration  Ice            0%         4d7       100%        7
 Storm Form               Tmut/Air       4%         N/A       100%        7
 Borgnjor's Revivificati  Necr           0%         N/A       100%        8
 Discord                  Hex            0%         N/A       100%        8
 Disjunction              Tloc           0%         N/A       100%        8
 Ignition                 Fire           0%         3d3       100%        8
 Maxwell's Capacitive Co  Air            0%         ∞         100%        8
 Necromutation            Tmut/Necr      4%         N/A       100%        8
 Chain Lightning          Conj/Air       0%         2d1       100%        9
 Death's Door             Necr           0%         N/A       100%        9
 Fire Storm               Conj/Fire      0%         6d1       100%        9
 Shatter                  Erth           0%         3d5*      100%        9
 Summon Small Mammal      Summ           Unusable   N/A       N/A         1
 Call Imp                 Summ           Unusable   N/A       N/A         2
 Call Canine Familiar     Summ           Unusable   N/A       N/A         3
 Animate Armour           Summ/Erth      Unusable   N/A       N/A         4
 Animate Dead             Necr           Unusable   N/A       N/A         4
 Summon Ice Beast         Ice/Summ       Unusable   N/A       N/A         4
 Death Channel            Necr           Unusable   N/A       N/A         6
 Summon Cactus Giant      Summ           Unusable   N/A       N/A         6

Dungeon Overview and Level Annotations

Branches:
Dungeon (15/15)            Temple (0/1) D:6            Lair (5/5) D:8
  Swamp (4/4) Lair:2       Spider (4/4) Lair:2        Slime (5/5) Lair:4
    Orc (2/2) D:11            Elf (3/3) Orc:2        Vaults (5/5) D:13
  Crypt (3/3) Vaults:3       Tomb (2/3) Crypt:3      Depths (4/4) D:15
   Hell (visited)             Dis (0/7) Hell            Geh (0/7) Hell
    Coc (0/7) Hell            Tar (0/7) Hell            Zot (5/5) Depths:4
 Bailey (visited)           IceCv (visited)         Gauntlet (visited)

Altars:
Ashenzari
Cheibriados
Dithmenos
Gozag
Kikubaaqudgha
Nemelex Xobeh
Okawaru
Qazlal
Sif Muna
Trog
Uskayaw
Vehumet
Xom
Yredelemnul
Jiyva

Shops:
D:2 *   D:8 =   Orc:2 [*(:(   Elf:1 ?   Vaults:4 =   Vaults:5 ?:!!!?!
Zot:2 **   Depths:2 ?

Portals:
Hell: Depths:1 Depths:2 Depths:3 Depths:4
Abyss: Depths:1 Depths:3
Pandemonium: Depths:2 Depths:3
Ziggurat: Depths:3

Annotations:
D:3 3 runed translucent doors, lunkers's ghost, amateur MeFi
D:5 1 runed translucent door, sircluck's ghost, amateur SpBr
Lair:1 3 runed translucent doors, Kushur's ghost, journeyman VSGl
Spider:3 1 runed translucent door, Pesouf's ghost, adept MfHs
Depths:2 exclusion: downstairs
Depths:3 exclusion: downstairs
Depths:4 exclusion: downstairs
Zot:3 1 runed translucent door, Aklawnof's ghost, legendary VSBe
Zot:5 1 runed translucent door, FacelessVoid's ghost, veteran DsWn


Innate Abilities, Weirdness & Mutations

((A powerful demonic guardian rushes to your aid.))
You can hurl damnation.
A meltable icy envelope protects you from harm. (AC +8)
You are resistant to unholy torment.
When seriously injured, your blood forms very thick armour. (AC +0)
A meltable shield of frost defends you. (SH +4)
You punish those that try to bend your will. (Will+)
Your touch may irresistibly damage your foes and sap their willpower.
You have a pair of small antennae on your head.
You have large cloven feet.
Your body often deteriorates upon taking damage.
You are dopey. (Int -2)
You are robust. (+10% HP)
You are occasionally teleported next to monsters.
You are weak. (Str -2)
Your spells are a little easier to cast, but a little less powerful.
Your movements are slightly less encumbered by armour. (ER -2)


Message History

You see here a +0 hand axe.
There is an open door here.
There is an escape hatch in the ceiling here.
A mysterious force pulls you upwards. The hatch slams shut behind you.
Level annotation: 1 runed translucent door, sircluck's ghost, amateur SpBr
There is a stone staircase leading up here.
You fly upwards.
There is a stone staircase leading down here.
You see here a +0 chain mail.
There is a stone staircase leading up here.
You fly upwards.
Level annotation: 3 runed translucent doors, lunkers's ghost, amateur MeFi
There is a stone staircase leading down here.
You see here a +0 dagger.
Things that are here:
a +0 club; a +0 leather armour; a +0 hand axe
Things that are here:
a +0 scale mail; a +0 short sword You see here a +0 dagger.
You sense a monster nearby.
There is a stone staircase leading up here.
You fly upwards.
There is a stone staircase leading down here.
There is an iron altar of Okawaru here.
You reach down and open the door.
There is an open door here.
There is a stone staircase leading up here.
You fly upwards.
There is a stone staircase leading down here.
An angel comes into view.
It is wielding a +1 sacred scourge of holy wrath.
The angel shouts!
You block the angel's attack. x2
You block the angel's attack. x2
The angel attacks as you move away! You block the angel's attack.
The angel hits you with a +1 sacred scourge of holy wrath.
You convulse!
There is a staircase leading out of the dungeon here.
You block the angel's attack. x2; The angel closely misses you.
The angel completely misses you.
You have escaped!

#.# #.#
######.#
#.###.#
#......#
#.....#
#.######
####..#
######.##
#..#
#.#.#.#.##
#..#
###.#.#.#.# #
#..#
##..#.#.#.##
####.†#
#..#.#.#A#.#
......#
#.#.#.#@#.##
#####.#
#.##.#.#.#.#
# #.#
##.#.#.#.#.##
# #.#
#...#.#.#.#.#
## #.#
#.#...#######
.# #.#
#.##### .#
#.# #.# .#
#.# #.# .#
#.# #.#


You could see an angel.

Vanquished Creatures
  the Royal Jelly (Slime:5)
  Gloorx Vloq (Arena)
  Mnoleg (Pan)
  6 dread liches
  7 orbs of fire
  Mara (Swamp:3)
  5 ancient liches
  The ghost of Zeaxzic Paph the Slayer, a veteran OgBe of Trog (Zot:2)
  12 Killer Klowns
  6 royal mummies
  Bai Suzhen (Swamp:3)
  Frederick (Crypt:3)
  Xtahua (Vaults:2)
  Nikola (Swamp:1)
  Geryon (Hell)
  3 caustic shrikes (Depths:2)
  6 golden dragons
  A pandemonium lord (Pan)
  A profane servitor (Abyss:3)
  2 bone dragons (Crypt:3)
  4 doom hounds (Hell)
  4 electric golems
  3 Tzitzimimeh (Pan)
  A Brimstone Fiend (Pan)
  13 tentacled monstrosities
  3 Ice Fiends
  A hellephant (Pan)
  Jorgrun (Swamp:1)
  26 Orb Guardians
  A shard shrike skeleton (Crypt:1)
  6 liches
  9 titans
  A Hell Sentinel (Pan)
  2 deep elf blademasters
  12 ancient champions
  2 deep elf master archers (Elf:3)
  15 Executioners
  11 sphinxes
  15 acid blobs
  8 quicksilver dragons
  2 tentacled starspawn (Abyss:3)
  5 death cobs
  The ghost of jejorda2 the Phalangite, an adept MfBe of Trog (Spider:4)
  5 tengu reavers
  19 storm dragons
  4 thorn hunters (Swamp:3)
  Agnes (Spider:1)
  11 shadow dragons
  6 draconian monks
  3 demonspawn warmongers (Pan)
  Donald (Lair:2)
  10 rockslimes
  Roxanne (Swamp:4)
  9 emperor scorpions
  14 azure jellies
  6 fire giants
  A daeva (Abyss:3)
  7 draconian knights
  4 balrugs (Pan)
  11 deep elf sorcerers
  6 frost giants
  5 iron dragons
  12 vault wardens
  5 ghost moths
  A caustic shrike zombie (Crypt:1)
  12 draconian scorchers
  7 draconian shifters
  5 orc warlords
  4 curse skulls
  12 cacodemons
  5 deep elf elementalists (Elf:3)
  7 draconian stormcallers
  2 angels (Depths:3)
  5 ghouls
  3 broodmothers
  15 ironbound preservers
  12 reapers
  2 draconian annihilators
  A juggernaut skeleton (Crypt:3)
  5 demonspawn blood saints (Pan)
  5 war gargoyles
  29 very ugly things
  2 spriggan defenders (Depths:3)
  3 demonspawn corrupters (Pan)
  11 stone giants
  8 quicksilver oozes
  2 caustic shrike skeletons
  6 vampire knights
  2 eleionomae
  8 green draconians
  7 deep elf demonologists
  9 demonspawn black suns (Pan)
  11 purple draconians
  9 ironbound thunderhulks
  18 black draconians
  10 red draconians
  5 dire elephants
  13 yellow draconians
  4 bennus
  5 lorocyprocas (Pan)
  Azrael (Spider:3)
  A spark wasp (Spider:1)
  8 deep elf annihilators
  3 bunyips (Swamp:3)
  A minotaur (Gauntlet)
  5 eidola
  11 white draconians
  A merfolk impaler (Depths:3)
  12 ettins
  7 deep elf death magi
  10 fire dragons
  3 crystal guardians
  6 green deaths
  8 blizzard demons
  13 mummy priests
  13 yaktaur captains
  Josephine (D:10)
  26 vault guards
  2 kraken zombies (Hell)
  A quicksilver dragon skeleton (Crypt:1)
  7 deep elf high priests
  8 entropy weavers
  Fannar (D:10)
  A spriggan zombie (Tomb:1)
  2 hell beasts
  2 ice dragons (Depths:2)
  13 jiangshi
  13 great orbs of eyes
  3 rakshasas
  A salamander tyrant (Depths:2)
  6 ironbound frosthearts
  7 ogre magi
  28 hydras
  A caustic shrike simulacrum (IceCv)
  3 peacekeepers
  An anaconda (shapeshifter) (Depths:4)
  2 spriggan air magi
  A fenstrider witch skeleton (Crypt:1)
  A ghost crab (Swamp:4)
  A catoblepas (Lair:5)
  3 merfolk avatars (Swamp:2)
  2 jorogumos
  22 centaur warriors
  Erica (Orc:1)
  4 death knights
  8 two-headed ogres
  2 spriggan skeletons (Crypt:3)
  6 alligators
  27 death scarabs
  2 radroaches
  10 boulder beetles
  11 deep troll earth magi
  3 hell hogs (Zot:1)
  9 vampire magi
  Urug (Orc:1)
  5 thrashing horrors (Abyss:3)
  4 tengu warriors
  8 orc high priests
  9 deep troll shamans
  28 dancing weapons
  15 death yaks
  2 spriggan berserkers
  7 soul eaters
  A spectral emperor scorpion (Spider:4)
  21 sun demons
  20 deep elf knights
  6 wretched stars (Abyss:3)
  3 shock serpents (Pan)
  13 hell knights
  A fire crab (D:13)
  6 iron trolls
  17 sixfirhies
  A salamander mystic (Depths:1)
  62 skeletal warriors
  10 shadow wraiths
  A storm dragon skeleton (Crypt:3)
  4 pharaoh ants (Spider:3)
  4 goliath frogs
  A spectral spark wasp (Spider:4)
  A spark wasp zombie (Crypt:3)
  8 orb spiders
  A skyshark (Lair:5)
  4 glowing orange brains
  4 shadow demons (Pan)
  9 swamp dragons
  43 deep trolls
  An anaconda zombie (Hell)
  10 deep elf archers
  8 spriggan druids
  14 ironbound convokers
  9 flayed ghosts
  5 bog bodies
  An orange crystal statue (Depths:2)
  11 lindwurms
  A kraken simulacrum (Hell)
  2 obsidian statues
  15 wizards
  Pikel (D:6)
  A broodmother zombie (Crypt:3)
  4 anaconda skeletons
  A spectral broodmother (Spider:4)
  5 necromancers
  14 orc knights
  13 phantasmal warriors
  9 steelbarb worms
  21 deep elf zephyrmancers
  A tengu zombie (Vaults:4)
  4 bunyip skeletons
  4 shining eyes
  12 harpies
  6 will-o-the-wisps
  22 wolf spiders
  35 ugly things
  3 manticores
  31 deep elf pyromancers
  3 orc sorcerers
  3 worldbinders
  A mana viper (Abyss:3)
  9 cyclopes
  2 frost giant skeletons
  7 elephants
  19 moths of wrath
  3 draconians (Abyss:3)
  An iron dragon skeleton (Crypt:3)
  5 apocalypse crabs (Abyss:3)
  2 ice statues (Hell)
  A stone giant zombie (Crypt:1)
  A spectral radroach (Spider:4)
  A stone giant skeleton (Crypt:3)
  7 salamanders
  9 rust devils
  18 demonic crawlers
  An emperor scorpion simulacrum (Spider:4)
  21 vault sentinels
  A torpor snail (shapeshifter) (Depths:2)
  3 black mambas (Lair:1)
  2 eyes of devastation (Slime:1)
  16 smoke demons (Pan)
  4 naga skeletons
  5 gargoyles
  7 unseen horrors
  An unseen horror (shapeshifter) (Elf:3)
  16 orange demons
  12 cane toads
  20 hellions (Pan)
  8 torpor snails
  An elephant slug zombie (Crypt:2)
  2 rime drakes
  7 komodo dragons
  A kobold demonologist (D:12)
  A spark wasp simulacrum (Spider:4)
  7 tengu conjurers
  A ghost moth simulacrum (Spider:4)
  16 yaktaurs
  A purple draconian zombie (Crypt:2)
  10 freezing wraiths
  2 sea snake zombies (Hell)
  2 efreet
  A mana viper zombie (Crypt:3)
  A golden dragon simulacrum (IceCv)
  3 tormentors (Pan)
  A minotaur zombie (Gauntlet)
  An ice devil (Pan)
  A hydra zombie (Crypt:3)
  14 hellwings (Pan)
  2 red devils (Pan)
  21 guardian mummies
  A human skeleton (Vaults:4)
  4 polar bears
  4 ancient zymes (Abyss:3)
  12 trolls
  3 meliai (Abyss:3)
  A bloated husk (Swamp:1)
  A queen bee (Abyss:3)
  24 tarantellas
  A hornet (Depths:3)
  2 broodmother simulacra (Spider:4)
  4 tyrant leeches
  A tengu simulacrum (Tomb:2)
  An ice dragon zombie (Crypt:1)
  3 harpy skeletons
  19 blink frogs
  4 dream sheep (Lair:2)
  4 raiju
  A merfolk skeleton (Crypt:3)
  An ettin zombie (Vaults:4)
  102 slime creatures
  An air elemental (Elf:2)
  29 jumping spiders
  A centaur simulacrum (D:12)
  A culicivora (shapeshifter) (Vaults:5)
  13 flying skulls
  A shadow (D:12)
  24 spriggans
  An elf zombie (Vaults:4)
  11 ynoxinuls
  2 wyverns (Lair:5)
  An alligator skeleton (Hell)
  20 culicivoras
  3 ettin skeletons
  52 yaks
  12 water elementals (Depths:3)
  14 wraiths
  An ushabti (Tomb:2)
  A basilisk (D:12)
  3 fire bats (Pan)
  6 fire elementals
  Grum (Lair:1)
  12 golden eyes
  An ice dragon skeleton (Crypt:1)
  A slime creature zombie (Crypt:2)
  4 hogs (Lair:2)
  A hog (shapeshifter) (D:15)
  3 humans
  2 steam dragons (Gauntlet)
  A wind drake skeleton (Crypt:1)
  8 chaos spawn
  39 redbacks
  9 vampire mosquitoes
  5 wargs
  Menkaure (D:4)
  16 neqoxecs
  2 elf skeletons
  A harpy simulacrum (IceCv)
  2 acid dragons
  15 swamp worms
  20 large abominations
  11 water moccasins
  A glowing shapeshifter zombie (Vaults:4)
  2 floating eyes
  A demonspawn skeleton (Crypt:3)
  12 hell hounds
  34 orc warriors
  14 swamp drakes
  3 black bears
  A snapping turtle zombie (Crypt:1)
  An ettin simulacrum (IceCv)
  6 ice beasts
  18 wolves
  3 alligator simulacra (IceCv)
  A boggart (shapeshifter) (Vaults:5)
  2 elephant skeletons (Crypt:2)
  10 ogres
  6 boggarts
  10 centaurs
  3 lemures (D:6)
  A phantom (D:5)
  A rime drake zombie (Crypt:1)
  7 kobold brigands
  5 small abominations (Abyss:3)
  A gnoll sergeant (D:12)
  A yaktaur zombie (Crypt:1)
  2 earth elementals (Elf:2)
  12 bullfrogs
  A wyvern zombie (Crypt:2)
  2 scorpions (D:5)
  4 necrophages
  A salamander skeleton (Crypt:2)
  A wight (Abyss:3)
  A cyclops skeleton (Crypt:3)
  A lindwurm simulacrum (IceCv)
  A water moccasin skeleton (Crypt:1)
  A human simulacrum (Vaults:4)
  10 killer bees
  A polar bear skeleton (Crypt:3)
  6 howler monkeys
  An electric eel (Lair:2)
  5 jellies
  6 gnoll boudas
  18 orc priests
  11 starcursed masses (Abyss:3)
  An iron imp (Depths:1)
  Jessica (D:2)
  11 hell rats (Lair:1)
  Ijyb (D:3)
  A boggart zombie (Crypt:3)
  2 iguanas
  26 orc wizards
  2 deep dwarf zombies
  A deep dwarf skeleton (Crypt:2)
  34 mummies
  26 gnolls
  3 adders
  11 river rats (Lair:1)
  2 shadow imps
  2 ufetubi (Abyss:3)
  3 worms
  5 dart slugs
  67 orcs
  5 ball pythons
  9 endoplasms
  3 giant cockroaches
  9 goblins
  5 hobgoblins
  5 jackals
  8 quokkas
  6 bats
  2 frilled lizards (D:3)
  22 kobolds
  An orc skeleton (Crypt:3)
  22 rats
  2 fire vortices (Hell)
  A lurking horror (Abyss:3)
  4 tentacles (Hell)
2922 creatures vanquished.

Vanquished Creatures (others)
  Kirke (Lair:2)
  A fire giant (Depths:1)
  A draconian knight (Zot:2)
  2 draconian shifters (Zot:4)
  3 draconian annihilators (Pan)
  A vampire knight (Depths:2)
  2 deep elf annihilators (Pan)
  A blizzard demon (Pan)
  An ice dragon (Depths:2)
  A hydra (Swamp:1)
  A skeletal warrior (Crypt:3)
  A spectral spark wasp (Spider:4)
  A deep elf archer (Elf:2)
  A deep elf zephyrmancer (Elf:2)
  A moth of wrath (Zot:4)
  2 smoke demons (Pan)
  A bloated husk (Swamp:2)
  A ynoxinul (Abyss:3)
  A slime creature (Vaults:4)
  A water elemental (Hell)
  A large abomination (Abyss:3)
  3 ball lightnings (Pan)
  22 bushes (Depths:3)
  18 foxfires
  39 fungi
  A lurking horror (Abyss:3)
  76 plants
  9 starspawn tentacles
  15 tentacles (Hell)
209 creatures vanquished.

Grand Total: 3131 creatures vanquished

Notes
Turn   | Place    | Note
-------+----------+-------------------------------------------
     0 | D:1      | holysushi the Demonspawn Transmuter began the quest for the
                  | Orb.
     0 | D:1      | Reached XP level 1. HP: 15/15 MP: 3/3
   202 | D:1      | Gained mutation: Your touch may inflict minor irresistible
                  | damage on your foes. [demonic ancestry]
   202 | D:1      | Reached XP level 2. HP: 19/21 MP: 3/5
   823 | D:2      | Gained mutation: Your touch may inflict irresistible damage
                  | on your foes. [demonic ancestry]
   823 | D:2      | Reached XP level 3. HP: 23/26 MP: 6/6
   906 | D:2      | Found an iron altar of Okawaru.
   945 | D:2      | Upgraded the game from 0.30-a0-772-g5528072125 to
                  | 0.30-a0-777-ga9a30cbeda
   978 | D:2      | Became a worshipper of Warmaster Okawaru
  1075 | D:2      | Found Caruos's General Store.
  1364 | D:2      | Noticed Jessica
  1372 | D:2      | Killed Jessica
  1373 | D:2      | Gained mutation: Your touch may irresistibly damage your
                  | foes and sap their willpower. [demonic ancestry]
  1373 | D:2      | Reached XP level 4. HP: 24/32 MP: 5/7
  1549 | D:3      | Identified the +8 dagger of the Eternal Warrior {freeze,
                  | Fragile rN+ Str+2 Dex+5}
  1608 | D:3      | Found a runed translucent gate.
  1608 | D:3      | Found a runed translucent gate.
  1608 | D:3      | Found a runed translucent gate.
  1609 | D:3      | Noticed a kobold brigand
  1611 | D:3      | Noticed lunkers's ghost (amateur MeFi)
  1687 | D:3      | Reached skill level 1 in Short Blades
  1719 | D:3      | Noticed Ijyb
  1726 | D:3      | Killed Ijyb
  1727 | D:3      | Gained mutation: When seriously injured, your blood forms
                  | armour. (AC +0) [demonic ancestry]
  1727 | D:3      | Reached XP level 5. HP: 21/37 MP: 8/8
  2280 | D:4      | Noticed Menkaure
  2287 | D:4      | Killed Menkaure
  2287 | D:4      | Reached * piety under Okawaru
  2288 | D:4      | Reached XP level 6. HP: 22/43 MP: 9/9
  3183 | D:5      | Entered Level 5 of the Dungeon
  3244 | D:5      | Reached skill level 5 in Short Blades
  3337 | D:5      | Noticed sircluck's ghost (amateur SpBr)
  3341 | D:5      | Found a runed translucent door.
  3372 | D:5      | Gained mutation: A weak demonic guardian rushes to your
                  | aid. [demonic ancestry]
  3372 | D:5      | Reached XP level 7. HP: 48/48 MP: 10/10
  3433 | D:5      | Found a hide-covered altar of Uskayaw.
  3595 | D:5      | Reached ** piety under Okawaru
  3698 | D:5      | Found a broken altar of Ashenzari.
  3876 | D:6      | Found a basalt altar of Yredelemnul.
  3891 | D:6      | Found a snail-covered altar of Cheibriados.
  4145 | D:6      | Found a staircase to the Ecumenical Temple.
  4351 | D:6      | Gained mutation: A meltable shield of frost defends you.
                  | (SH +4) [demonic ancestry]
  4351 | D:6      | Reached XP level 8. HP: 43/54 MP: 11/11
  5271 | D:6      | Learned a level 2 spell: Wereblood
  5274 | D:6      | Learned a level 2 spell: Blink
  5522 | D:7      | Noticed Pikel
  5637 | D:6      | Killed Pikel
  5745 | D:7      | Found a bloodstained altar of Trog.
  6074 | D:8      | Found a sparkling altar of Nemelex Xobeh.
  6130 | D:8      | Reached *** piety under Okawaru
  6411 | D:8      | Reached XP level 9. HP: 63/63 MP: 10/12
  6976 | D:8      | Found a staircase to the Lair.
  6993 | D:8      | Reached skill level 5 in Dodging
  7010 | D:8      | Noticed a polar bear
  7021 | D:8      | Found Fopnos's Jewellery Boutique.
  7022 | D:8      | Noticed a rime drake
  7033 | D:8      | Killed a rime drake
  7034 | D:8      | Reached skill level 10 in Short Blades
  7042 | D:8      | Killed a polar bear
  7042 | D:8      | Reached **** piety under Okawaru
  7263 | D:9      | Identified a scroll of acquirement
  7263 | D:9      | Acquired 1010 gold pieces
  7274 | D:8      | Bought a +6 ring of dexterity for 504 gold pieces
  7341 | D:9      | Gained mutation: When seriously injured, your blood forms
                  | thick armour. (AC +0) [demonic ancestry]
  7341 | D:9      | Reached XP level 10. HP: 70/70 MP: 6/13
  7355 | D:9      | Found a flagged portal.
  7365 | Bailey   | Entered a bailey
  7462 | Bailey   | Reached ***** piety under Okawaru
  7463 | Bailey   | Reached skill level 1 in Stealth
  7487 | Bailey   | Noticed an orc knight
  7495 | Bailey   | Noticed an orc knight
  7532 | Bailey   | Killed an orc knight
  7533 | Bailey   | Reached skill level 1 in Invocations
  7533 | Bailey   | Reached skill level 1 in Evocations
  7549 | Bailey   | Killed an orc knight
  7558 | Bailey   | Found a bloodstained altar of Trog.
  7755 | D:9      | Reached skill level 2 in Evocations
  7767 | D:9      | Identified the +1 cloak "Iluery" {rElec Dex+2} (Okawaru
                  | gifted it to you on level 9 of the Dungeon)
  7767 | D:9      | Received a gift from Okawaru
  8096 | D:9      | Reached skill level 3 in Evocations
  8160 | D:9      | Found an ancient bone altar of Kikubaaqudgha.
  8282 | D:9      | Found a shimmering blue altar of Sif Muna.
  8491 | D:10     | Entered Level 10 of the Dungeon
  8581 | D:10     | Reached skill level 5 in Invocations
  8593 | D:10     | Reached XP level 11. HP: 58/75 MP: 12/15
  8751 | D:10     | Noticed Josephine
  8799 | D:10     | Killed Josephine
  8804 | D:10     | Reached skill level 5 in Stealth
  8978 | D:10     | Noticed Fannar
  9018 | D:10     | Killed Fannar
  9666 | D:11     | Found a basalt altar of Yredelemnul.
  9702 | D:11     | Found a staircase to the Orcish Mines.
 10411 | Lair:1   | Entered Level 1 of the Lair of Beasts
 10421 | Lair:1   | Noticed Grum
 10432 | Lair:1   | Killed Grum
 10551 | Lair:1   | Identified the +2 rapier of Ogokum {flame, rF+++ Str+3
                  | Dex-4 Stlth+} (Okawaru gifted it to you on level 1 of the
                  | Lair of Beasts)
 10551 | Lair:1   | Received a gift from Okawaru
 10671 | Lair:1   | Found a runed translucent gate.
 10671 | Lair:1   | Found a runed translucent gate.
 10671 | Lair:1   | Found a runed translucent gate.
 10673 | Lair:1   | Noticed Kushur's ghost (journeyman VSGl)
 10796 | Lair:1   | Reached skill level 10 in Invocations
 10943 | Lair:1   | Reached XP level 12. HP: 59/81 MP: 19/19
 11051 | Lair:1   | Reached skill level 10 in Dodging
 11437 | Lair:1   | Found a viscous altar of Jiyva.
 11478 | Lair:2   | Reached ****** piety under Okawaru
 11678 | Lair:2   | Found a hole to the Spider Nest.
 11811 | Lair:2   | You fall into a shaft and drop 1 floor!
 12090 | Lair:2   | Found a staircase to the Swamp.
 12376 | Lair:2   | Noticed an eight-headed hydra
 12653 | Orc:1    | Entered Level 1 of the Orcish Mines
 12656 | Orc:1    | Noticed Urug
 12685 | Orc:1    | Killed Urug
 12702 | Orc:1    | Noticed Erica
 12716 | Orc:1    | Killed Erica
 12716 | Orc:1    | Received a gift from Okawaru
 12979 | Orc:1    | Identified the +8 plate armour of Vafi {Dex+2} (Okawaru
                  | gifted it to you on level 1 of the Orcish Mines)
 12979 | Orc:1    | Received a gift from Okawaru
 13101 | Orc:1    | Reached skill level 4 in Evocations
 13675 | Orc:2    | Entered Level 2 of the Orcish Mines
 13690 | Orc:2    | Found a staircase to the Elven Halls.
 13725 | Orc:2    | Found Icwuitec's Antique Weapon Shoppe.
 13726 | Orc:2    | Noticed an orc high priest
 13880 | Orc:2    | Found Gerewexofa's Antique Weapon Shoppe.
 13889 | Orc:2    | Found Etewij's General Store.
 13891 | Orc:2    | Noticed an orc high priest
 13938 | Orc:2    | Noticed an orc high priest
 13956 | Orc:1    | Killed an orc high priest
 14104 | Orc:1    | Reached skill level 5 in Evocations
 14107 | Orc:1    | Gained mutation: A meltable icy envelope protects you from
                  | harm. (AC +8) [demonic ancestry]
 14107 | Orc:1    | Reached XP level 13. HP: 66/86 MP: 18/20
 14639 | Orc:2    | Gained mutation: Your spells are a little easier to cast,
                  | but a little less powerful. [a neqoxec]
 14952 | Orc:1    | Reached skill level 6 in Evocations
 15096 | Orc:2    | Found Biecs's Book Emporium.
 15183 | Orc:2    | Bought a potion of might for 56 gold pieces
 15206 | Orc:2    | Bought a rapier for 96 gold pieces
 15348 | Orc:2    | Found Arianok's Antique Armour Boutique.
 15411 | Orc:2    | Noticed an orc warlord
 15423 | Orc:2    | Killed an orc warlord
 15897 | D:12     | Received a gift from Okawaru
 16111 | D:12     | Reached skill level 5 in Transmutations
 16719 | D:12     | Found a shadowy altar of Dithmenos.
 16853 | D:12     | Noticed an orc warlord
 16857 | D:12     | Killed an orc warlord
 16975 | D:12     | Received a gift from Okawaru
 17084 | D:12     | Gained mutation: A demonic guardian rushes to your aid.
                  | [demonic ancestry]
 17084 | D:12     | Reached XP level 14. HP: 93/93 MP: 18/21
 17356 | D:13     | Found a gate leading to a gauntlet.
 17364 | Gauntlet | Entered a Gauntlet
 17364 | Gauntlet | Found a runed translucent door.
 17364 | Gauntlet | Found a transporter.
 17364 | Gauntlet | Found a runed translucent door.
 17364 | Gauntlet | Found a runed translucent gate.
 17364 | Gauntlet | Found a transporter.
 17370 | Gauntlet | Found a transporter.
 17383 | Gauntlet | Found a transporter.
 17400 | Gauntlet | Found a transporter.
 17400 | Gauntlet | Found a transporter.
 17400 | Gauntlet | Found a transporter.
 17402 | Gauntlet | Found a transporter.
 17402 | Gauntlet | Found a transporter.
 17415 | Gauntlet | Found a transporter.
 17430 | Gauntlet | Noticed a reaper
 17431 | Gauntlet | Found a transporter.
 17441 | Gauntlet | Found a transporter.
 17455 | Gauntlet | Found a transporter.
 17488 | Gauntlet | Found a transporter.
 17491 | Gauntlet | Found a runed translucent gate.
 17491 | Gauntlet | Found a runed translucent gate.
 17657 | Gauntlet | Identified the ring "Noipny" {rN+ SInv}
 17769 | Gauntlet | Identified the +0 chain mail of Vehumet's Scorn {Stlth+}
 18635 | Lair:3   | Reached skill level 15 in Dodging
 18688 | Lair:3   | Found the +9 staff of Olgreb {rPois∞}
 18912 | Lair:3   | Identified the amulet of Maamir {RegenMP Fly Will- Regen+}
 19413 | Lair:4   | Received a gift from Okawaru
 19786 | Lair:4   | Reached skill level 7 in Evocations
 20196 | Lair:4   | Found a staircase to the Slime Pits.
 20198 | Lair:4   | Found a viscous altar of Jiyva.
 20793 | Lair:5   | Entered Level 5 of the Lair of Beasts
 21137 | Lair:5   | Reached skill level 8 in Evocations
 21725 | Lair:5   | Identified the +8 dagger of Piynk {elec, rC+ Int+3}
                  | (Okawaru gifted it to you on level 5 of the Lair of Beasts)
 21725 | Lair:5   | Received a gift from Okawaru
 21769 | Lair:5   | Reached skill level 9 in Evocations
 21769 | Lair:5   | Reached XP level 15. HP: 78/98 MP: 22/22
 22841 | Orc:2    | Bought a jewelled rapier for 216 gold pieces
 22841 | Orc:2    | Identified the +7 rapier of Domination {freeze, rC+ rCorr
                  | Stlth+} (You bought it in a shop on level 2 of the Orcish
                  | Mines)
 22858 | Orc:2    | Bought a scroll of brand weapon for 133 gold pieces
 23163 | Spider:1 | Entered Level 1 of the Spider Nest
 23164 | Spider:1 | Noticed Kirke
 23166 | Spider:1 | Noticed Donald
 23179 | Lair:2   | Killed Kirke
 23247 | Lair:2   | Killed Donald
 23248 | Lair:2   | Reached skill level 10 in Evocations
 23359 | Spider:1 | Identified the +5 short sword of the Madman {heavy, Int+3
                  | Stlth+} (Okawaru gifted it to you on level 1 of the Spider
                  | Nest)
 23359 | Spider:1 | Received a gift from Okawaru
 23514 | Spider:1 | Noticed Agnes
 23524 | Spider:1 | Killed Agnes
 23809 | Spider:1 | Reached skill level 11 in Evocations
 24347 | Spider:1 | Reached skill level 12 in Evocations
 24577 | Spider:1 | Received a gift from Okawaru
 24945 | Spider:2 | Reached skill level 1 in Staves
 25111 | Spider:2 | Reached skill level 13 in Evocations
 25590 | Spider:2 | Received a gift from Okawaru
 25592 | Spider:2 | Gained mutation: A powerful demonic guardian rushes to your
                  | aid. [demonic ancestry]
 25592 | Spider:2 | Reached XP level 16. HP: 104/104 MP: 9/23
 25673 | Spider:2 | You fall into a shaft and drop 1 floor!
 25739 | Spider:3 | Found a runed translucent door.
 25884 | Spider:3 | Identified the +1 robe "Vomut" {-Cast rC++ Str+4} (Okawaru
                  | gifted it to you on level 3 of the Spider Nest)
 25884 | Spider:3 | Received a gift from Okawaru
 26073 | Spider:3 | Noticed Azrael
 26090 | Spider:3 | Killed Azrael
 26091 | Spider:3 | Reached skill level 5 in Staves
 26453 | Spider:3 | Reached skill level 14 in Evocations
 26775 | Spider:3 | Found a shimmering altar of Xom.
 26775 | Spider:3 | Noticed Pesouf's ghost (adept MfHs)
 27292 | Spider:4 | Entered Level 4 of the Spider Nest
 27956 | Spider:4 | Found a runed translucent gate.
 27956 | Spider:4 | Found a runed translucent gate.
 27956 | Spider:4 | Found a runed translucent gate.
 27963 | Spider:4 | Noticed jejorda2's ghost (adept MfBe)
 28063 | Spider:4 | Identified the +5 flail of Doom {protect, rN+ Dex+3}
 28340 | Spider:4 | Identified the +1 ring mail of the Sailor {Rampage}
                  | (Okawaru gifted it to you on level 4 of the Spider Nest)
 28340 | Spider:4 | Received a gift from Okawaru
 28393 | Spider:4 | Reached skill level 15 in Evocations
 30061 | Spider:4 | Got a gossamer rune of Zot
 30191 | Spider:4 | Killed jejorda2's ghost
 31370 | D:13     | Reached skill level 10 in Staves
 31370 | D:13     | Reached XP level 17. HP: 73/109 MP: 24/24
 31747 | D:13     | Found a gate to the Vaults.
 32028 | D:13     | Received a gift from Okawaru
 33252 | D:15     | Entered Level 15 of the Dungeon
 33621 | D:15     | Found a staircase to the Depths.
 33692 | D:15     | Identified the +1 pair of boots of Follow the Leader
                  | {Dex+3} (Okawaru gifted it to you on level 15 of the
                  | Dungeon)
 33692 | D:15     | Received a gift from Okawaru
 33699 | D:15     | Reached skill level 16 in Evocations
 34276 | Swamp:1  | Entered Level 1 of the Swamp
 34337 | Swamp:1  | Noticed Nikola
 34354 | Swamp:1  | Killed Nikola
 34366 | Swamp:1  | Noticed Jorgrun
 34376 | Swamp:1  | Killed Jorgrun
 35222 | Swamp:1  | Found a sparkling altar of Nemelex Xobeh.
 35527 | Swamp:2  | Found a frozen archway.
 35548 | IceCv    | Entered an ice cave
 35560 | IceCv    | Reached skill level 1 in Shields
 35566 | IceCv    | Found a transporter.
 35592 | IceCv    | Found a transporter.
 35989 | Swamp:2  | Identified the +5 trident "Sukkyb" {protect, Drain Will+
                  | Str+2}
 36130 | Swamp:2  | Identified the +2 double sword "Plog" {protect, rElec rC+}
 36268 | Swamp:2  | Gained mutation: When seriously injured, your blood forms
                  | very thick armour. (AC +0) [demonic ancestry]
 36268 | Swamp:2  | Reached XP level 18. HP: 81/115 MP: 25/25
 36829 | Swamp:3  | Noticed a tentacled monstrosity
 36905 | Swamp:3  | Killed a tentacled monstrosity
 37605 | Swamp:3  | Identified the +11 quarterstaff of the Kissing Puffin
                  | {heavy, Will+} (Okawaru gifted it to you on level 3 of the
                  | Swamp)
 37605 | Swamp:3  | Received a gift from Okawaru
 37866 | Swamp:4  | Entered Level 4 of the Swamp
 37866 | Swamp:4  | Noticed Bai Suzhen
 37880 | Swamp:4  | Reached skill level 17 in Evocations
 37880 | Swamp:4  | Reached XP level 19. HP: 62/120 MP: 26/26
 38098 | Swamp:3  | Killed Bai Suzhen
 38238 | Swamp:4  | Noticed Roxanne
 38263 | Swamp:4  | Killed Roxanne
 38762 | Swamp:4  | Noticed Mara
 38764 | Swamp:4  | Reached skill level 5 in Shields
 39387 | Swamp:4  | Noticed holysushi's illusion
 39393 | Swamp:3  | Noticed holysushi's illusion
 39401 | Swamp:3  | Received a gift from Okawaru
 39403 | Swamp:3  | Killed Mara
 40339 | Swamp:4  | Got a decaying rune of Zot
 40848 | Elf:1    | Entered Level 1 of the Elven Halls
 41371 | Elf:1    | Identified the +9 short sword of Dismemberment {heavy,
                  | rPois rC++ Int+5} (Okawaru gifted it to you on level 1 of
                  | the Elven Halls)
 41371 | Elf:1    | Received a gift from Okawaru
 41509 | Elf:1    | Got the Tome of Fiery Left-Handed Secrets
 41600 | Elf:1    | Reached skill level 18 in Evocations
 41983 | Elf:1    | Found Cakhak's Magic Scroll Shoppe.
 41986 | Elf:1    | Bought a scroll of enchant armour for 112 gold pieces
 41986 | Elf:1    | Bought a scroll of magic mapping for 112 gold pieces
 42125 | Elf:2    | Identified the +3 shortbow of Kunam {flame, rF+ Dex+3}
 42332 | Elf:2    | Reached skill level 5 in Fighting
 42688 | Elf:2    | Found a runed translucent gate.
 43172 | Elf:2    | Found a runed translucent gate.
 43172 | Elf:2    | Found a runed translucent gate.
 43372 | Elf:3    | Entered Level 3 of the Elven Halls
 43829 | Elf:2    | Identified the +2 pair of boots of Zaupp {+Blink rPois}
                  | (Okawaru gifted it to you on level 2 of the Elven Halls)
 43829 | Elf:2    | Received a gift from Okawaru
 43997 | Elf:2    | Reached XP level 20. HP: 137/137 MP: 27/27
 45686 | Elf:3    | Identified the +3 great mace of Plunder {protect, Str+5}
 45859 | Elf:3    | Identified the +3 scimitar of Conscience {pain, Int+4}
 46236 | Elf:3    | Identified the +8 quick blade of Division {vamp, Fragile
                  | rPois rN+ Str+3}
 46916 | Elf:3    | Reached skill level 10 in Stealth
 47120 | Elf:3    | Reached skill level 19 in Evocations
 47136 | Elf:3    | Received a gift from Okawaru
 47249 | Elf:2    | Found a radiant altar of Vehumet.
 47534 | Elf:3    | Got the Volume of Molten Rime
 47761 | Elf:3    | Identified the +3 shortbow of Severance {drain, rPois Will+
                  | Str+2 Stlth-}
 47771 | Elf:3    | Identified the +3 mace of Evisceration {holy, rElec Int-3
                  | Dex+6}
 47949 | D:11     | Acquired the ring "Wuc Ruac" {Fly Will+ MP+9 Str-2 Dex+5}
 48066 | Vaults:1 | Entered Level 1 of the Vaults
 48961 | Vaults:1 | Received a gift from Okawaru
 50177 | Vaults:2 | Reached XP level 21. HP: 127/150 MP: 28/28
 50277 | Vaults:2 | Received a gift from Okawaru
 50599 | Vaults:2 | Noticed Xtahua
 50617 | Vaults:2 | Identified the +0 kite shield "Fobiloxt" {Dex+6} (Okawaru
                  | gifted it to you on level 2 of the Vaults)
 50617 | Vaults:2 | Received a gift from Okawaru
 50627 | Vaults:2 | Killed Xtahua
 51419 | Vaults:2 | Reached skill level 10 in Fighting
 52235 | Vaults:3 | Found a staircase to the Crypt.
 52235 | Vaults:3 | Found an ancient bone altar of Kikubaaqudgha.
 52236 | Vaults:3 | Found a basalt altar of Yredelemnul.
 52796 | Vaults:3 | Reached skill level 20 in Evocations
 53091 | Vaults:4 | Found Natok's Jewellery Shop.
 53092 | Vaults:4 | Identified the +4 hand axe of Accord {heavy, rF+ rC++ Dex-4
                  | SInv}
 53101 | Vaults:4 | Bought the dreamshard necklace {*Dream Drain} for 3000 gold
                  | pieces
 53101 | Vaults:4 | Found the dreamshard necklace {*Dream Drain}
 53527 | Vaults:4 | Identified the +4 longbow of Aviobytt {drain, +Blink Fly
                  | rC+}
 53717 | Vaults:4 | Identified the +0 animal skin of Ennui {rPois Regen+}
                  | (Okawaru gifted it to you on level 4 of the Vaults)
 53717 | Vaults:4 | Received a gift from Okawaru
 55010 | Vaults:5 | Entered Level 5 of the Vaults
 55016 | Vaults:5 | Reached XP level 22. HP: 137/159 MP: 29/29
 55026 | Vaults:5 | Noticed a dread lich
 55044 | Vaults:5 | Noticed a golden dragon
 55056 | Vaults:5 | Killed a dread lich
 55057 | Vaults:5 | Reached skill level 21 in Evocations
 55058 | Vaults:5 | Received a gift from Okawaru
 55065 | Vaults:5 | Killed a golden dragon
 55360 | Vaults:5 | Noticed an ancient lich
 55406 | Vaults:5 | Killed an ancient lich
 55418 | Vaults:5 | Reached skill level 10 in Shields
 56121 | Vaults:5 | Noticed a golden dragon
 56136 | Vaults:5 | Killed a golden dragon
 56227 | Vaults:5 | Found Oveliu's Distillery.
 56227 | Vaults:5 | Found Taedghoh's Magic Scroll Shop.
 56239 | Vaults:5 | Bought a potion of cancellation for 192 gold pieces
 56239 | Vaults:5 | Bought a potion of mutation for 192 gold pieces
 56239 | Vaults:5 | Bought a potion of invisibility for 192 gold pieces
 56486 | Vaults:5 | Bought 3 scrolls of teleportation for 126 gold pieces
 56486 | Vaults:5 | Bought a scroll of magic mapping for 105 gold pieces
 56620 | Vaults:5 | Found Cyimem's Book Shoppe.
 56632 | Vaults:5 | Got a silver rune of Zot
 56956 | Vaults:5 | Found Rivies's Distillery.
 56956 | Vaults:5 | Found Yzic's Distillery.
 56980 | Vaults:5 | Bought 2 potions of haste for 440 gold pieces
 56980 | Vaults:5 | Bought a potion of haste for 220 gold pieces
 56989 | Vaults:5 | Bought a potion of heal wounds for 75 gold pieces
 56989 | Vaults:5 | Bought a potion of heal wounds for 75 gold pieces
 56989 | Vaults:5 | Bought a potion of mutation for 120 gold pieces
 57018 | Vaults:5 | Found Inushru's Distillery.
 57023 | Vaults:5 | Bought a potion of haste for 200 gold pieces
 57023 | Vaults:5 | Bought a potion of heal wounds for 100 gold pieces
 57023 | Vaults:5 | Bought 2 potions of heal wounds for 200 gold pieces
 57030 | Vaults:5 | Found Ficzic's Magic Scroll Boutique.
 57035 | Vaults:5 | Bought a scroll of blinking for 97 gold pieces
 57035 | Vaults:5 | Bought a scroll of teleportation for 39 gold pieces
 57035 | Vaults:5 | Bought a scroll of enchant armour for 97 gold pieces
 57073 | Vaults:5 | Reached skill level 22 in Evocations
 57213 | Vaults:5 | Received a gift from Okawaru
 57294 | Vaults:5 | Noticed a dread lich
 57315 | Vaults:5 | Killed a dread lich
 57619 | Vaults:5 | Noticed a dread lich
 57634 | Vaults:5 | Killed a dread lich
 57715 | Vaults:5 | Gained mutation: You punish those that try to bend your
                  | will. (Will+) [demonic ancestry]
 57715 | Vaults:5 | Reached XP level 23. HP: 113/165 MP: 33/33
 58046 | Vaults:5 | Identified the +6 crystal plate armour of Inquiry {Dex+2}
 58117 | Vaults:5 | Found the +3 crown of Dyrovepreva {rElec Int+2 SInv}
 58150 | Vaults:5 | Identified the +1 flail of Disembowelment {venom, rPois
                  | Int-2 Dex+8}
 58478 | Vaults:5 | Upgraded the game from 0.30-a0-777-ga9a30cbeda to
                  | 0.30-a0-779-g7971cf19c3
 59109 | Depths:1 | Entered Level 1 of the Depths
 59338 | Depths:1 | Found a one-way gate to the infinite horrors of the Abyss.
 59396 | Depths:1 | Found a gateway to Hell.
 59398 | Depths:1 | Gained mutation: You are occasionally teleported next to
                  | monsters. [a shining eye]
 59406 | Depths:1 | Reached skill level 15 in Invocations
 59935 | Depths:1 | Paralysed by a floating eye for 2 turns
 59944 | Depths:1 | Paralysed by a floating eye for 4 turns
 59955 | Depths:1 | Paralysed by a floating eye for 3 turns
 59962 | Depths:1 | Paralysed by a floating eye for 2 turns
 60834 | Depths:1 | Paralysed by a floating eye for 3 turns
 60838 | Depths:1 | Paralysed by a floating eye for 3 turns
 60843 | Depths:1 | Paralysed by a floating eye for 2 turns
 60846 | Depths:1 | Paralysed by a floating eye for 2 turns
 60889 | Depths:1 | Paralysed by a floating eye for 2 turns
 60893 | Depths:1 | Paralysed by a floating eye for 2 turns
 60928 | Depths:1 | Received a gift from Okawaru
 61132 | Depths:2 | Found a portal to a secret trove of treasure.
 61160 | Depths:2 | Noticed a caustic shrike
 61160 | Depths:2 | Noticed a caustic shrike
 61161 | Depths:2 | Noticed a caustic shrike
 61174 | Depths:2 | Killed a caustic shrike
 61183 | Depths:2 | Killed a caustic shrike
 61184 | Depths:2 | Reached skill level 23 in Evocations
 61185 | Depths:2 | Killed a caustic shrike
 61610 | Depths:1 | Voluntarily entered the Abyss.
 61744 | Abyss:3  | Found a corrupted altar of Lugonu.
 61769 | Abyss:3  | Found a corrupted altar of Lugonu.
 61769 | Abyss:3  | Found a corrupted altar of Lugonu.
 61960 | Abyss:3  | Found a corrupted altar of Lugonu.
 62007 | Abyss:3  | Found a transporter.
 62144 | Abyss:3  | Found a transporter.
 62183 | Depths:1 | Escaped the Abyss
 63068 | Depths:1 | Voluntarily entered the Abyss.
 63152 | Abyss:3  | Noticed an ancient lich
 63186 | Abyss:3  | Killed an ancient lich
 63359 | Abyss:3  | Got an abyssal rune of Zot
 63443 | Depths:1 | Escaped the Abyss
 63524 | Depths:2 | Found a one-way gate leading to the halls of Pandemonium.
 63880 | Depths:2 | Received a gift from Okawaru
 63888 | Depths:2 | Found a runed translucent door.
 64062 | Depths:2 | Found a runed translucent door.
 64237 | Depths:2 | Found Gedogem's Magic Scroll Emporium.
 64246 | Depths:2 | Bought a scroll of blinking for 127 gold pieces
 64246 | Depths:2 | Bought a scroll of teleportation for 51 gold pieces
 64246 | Depths:2 | Bought a scroll of teleportation for 51 gold pieces
 64246 | Depths:2 | Bought a scroll of blinking for 127 gold pieces
 64583 | Depths:3 | Gained mutation: You are resistant to unholy torment.
                  | [demonic ancestry]
 64583 | Depths:3 | Reached XP level 24. HP: 140/171 MP: 34/34
 64652 | Depths:3 | Found a one-way gateway to a ziggurat.
 64972 | Depths:3 | Identified the +6 spear of the Glowing Priest {holy, Will-
                  | rCorr SInv}
 65882 | Depths:4 | Entered Level 4 of the Depths
 65884 | Depths:4 | Paralysed by a floating eye for 2 turns
 65926 | Depths:4 | Reached skill level 24 in Evocations
 66252 | Depths:4 | Found a gate to the Realm of Zot.
 67031 | Depths:4 | Found a stormy altar of Qazlal.
 67969 | Slime:1  | Entered Level 1 of the Pits of Slime
 68361 | Slime:3  | Identified the +8 lajatang "Moiseun" {flame, rN+} (Okawaru
                  | gifted it to you on level 3 of the Pits of Slime)
 68361 | Slime:3  | Received a gift from Okawaru
 68910 | Slime:5  | Entered Level 5 of the Pits of Slime
 69047 | Slime:5  | Noticed the Royal Jelly
 71651 | Slime:5  | Found a viscous altar of Jiyva.
 71732 | Slime:5  | Killed the Royal Jelly
 71732 | Slime:5  | Received a gift from Okawaru
 72600 | Slime:5  | Identified the +1 helmet of Paranoia {Regen+}
 72608 | Slime:5  | Identified the ring "Fafaj" {Drain rF+ rN++ Will+ SInv}
 72658 | Slime:5  | Identified the ring "Keurhana" {rElec rC- rN++ MP+9 Str+2}
 72675 | Slime:5  | Identified the +1 leather armour of Suuq {Int+3}
 72702 | Slime:5  | Got a slimy rune of Zot
 73251 | Hell     | Entered the Vestibule of Hell
 73251 | Hell     | Noticed Geryon
 73586 | Crypt:1  | Entered Level 1 of the Crypt
 74056 | Crypt:1  | Reached XP level 25. HP: 130/177 MP: 34/34
 74842 | Crypt:1  | Received a gift from Okawaru
 75453 | Crypt:2  | Found an ancient bone altar of Kikubaaqudgha.
 76243 | Crypt:2  | Received a gift from Okawaru
 76255 | Crypt:2  | Identified the +6 war axe "Ebeopood" {flame, rF+ rN+ Str+2
                  | Stlth+}
 76272 | Crypt:3  | Entered Level 3 of the Crypt
 76272 | Crypt:3  | Noticed Frederick
 76447 | Crypt:3  | Reached skill level 25 in Evocations
 76524 | Crypt:3  | Received a gift from Okawaru
 76588 | Crypt:3  | Lost mutation: Your spells are a little easier to cast, but
                  | a little less powerful. [potion of mutation]
 76588 | Crypt:3  | Lost mutation: You are occasionally teleported next to
                  | monsters. [potion of mutation]
 76588 | Crypt:3  | Gained mutation: Potions are less effective at restoring
                  | your health. [potion of mutation]
 76588 | Crypt:3  | Gained mutation: Armour fits poorly on your strangely
                  | shaped body. [potion of mutation]
 76786 | Crypt:3  | Found a basalt altar of Yredelemnul.
 77556 | Crypt:3  | Reached skill level 15 in Shields
 77648 | Crypt:3  | Noticed an ancient lich
 77652 | Crypt:3  | Identified the +1 leather armour of Untruth {rC+ Regen+
                  | Int-3}
 77675 | Crypt:3  | Killed an ancient lich
 77770 | Crypt:3  | Identified the +7 quarterstaff of Spontaneous Combustion
                  | {heavy, Fly Stlth+} (Okawaru gifted it to you on level 3 of
                  | the Crypt)
 77770 | Crypt:3  | Received a gift from Okawaru
 77867 | Crypt:3  | Killed Frederick
 77879 | Crypt:3  | Reached skill level 1 in Armour
 78062 | Crypt:3  | Found a staircase to the Tomb.
 78263 | Crypt:3  | Found the +3 greatsling "Punk" {acid, rCorr}
 78568 | Crypt:3  | Reached skill level 1 in Ranged Weapons
 78655 | Tomb:1   | Entered Level 1 of the Tomb of the Ancients
 78950 | Tomb:1   | Reached skill level 5 in Ranged Weapons
 79611 | Tomb:1   | Received a gift from Okawaru
 79748 | Tomb:1   | Gained mutation: A meltable icy envelope protects you from
                  | harm. (AC +8) [demonic ancestry]
 79748 | Tomb:1   | Reached XP level 26. HP: 168/184 MP: 34/34
 79845 | Tomb:1   | Noticed a royal mummy
 79863 | Tomb:1   | Killed a royal mummy
 80220 | Tomb:2   | Noticed a royal mummy
 80238 | Tomb:2   | Noticed a royal mummy
 80280 | Tomb:2   | Killed a royal mummy
 80292 | Tomb:2   | Noticed a royal mummy
 80997 | Tomb:2   | Noticed a royal mummy
 81072 | Tomb:2   | Noticed a royal mummy
 81540 | Tomb:2   | Killed a royal mummy
 81552 | Tomb:2   | Killed a royal mummy
 81583 | Tomb:2   | Killed a royal mummy
 81790 | Tomb:2   | Killed a royal mummy
 81791 | Tomb:2   | Reached skill level 10 in Ranged Weapons
 81994 | Tomb:1   | Noticed a royal mummy
 81994 | Tomb:1   | Noticed a royal mummy
 81994 | Tomb:1   | Noticed a royal mummy
 81998 | Tomb:1   | Noticed a royal mummy
 82874 | Hell     | Found a gateway to the Iron City of Dis.
 82888 | Hell     | Gained mutation: You occasionally lose the ability to read
                  | scrolls when taking damage. [a cacodemon]
 83062 | Hell     | Killed Geryon
 83062 | Hell     | Received a gift from Okawaru
 83200 | Hell     | Found a gateway to the ashen valley of Gehenna.
 83426 | Hell     | Found a gateway to the freezing wastes of Cocytus.
 83627 | Hell     | Found a gateway to the decaying netherworld of Tartarus.
 84003 | Depths:2 | Found Gedogem's Magic Scroll Emporium.
 84370 | Depths:2 | Found a portal to a secret trove of treasure.
 84669 | Depths:3 | Found a one-way gateway to a ziggurat.
 85697 | Pan      | Entered Pandemonium
 85807 | Pan      | Noticed Haonid the pandemonium lord
 85827 | Pan      | Killed Haonid the pandemonium lord
 86236 | Pan      | Received a gift from Okawaru
 86430 | Pan      | Got a demonic rune of Zot
 86581 | Pan      | Learned a level 3 spell: Portal Projectile
 86715 | Pan      | Noticed Ryirales the pandemonium lord
 86792 | Pan      | Identified the ring of Generosity {rN+ AC+4}
 87336 | Pan      | Gained mutation: You have hidden genetic defects. [a
                  | neqoxec]
 87428 | Pan      | Found an exit through the horrors of the Abyss.
 87447 | Pan      | Took an exit into the Abyss.
 87447 | Abyss:3  | Escaped into the Abyss
 87449 | Abyss:3  | Found a corrupted altar of Lugonu.
 87461 | Depths:3 | Escaped the Abyss
 87465 | Pan      | Entered Pandemonium
 87715 | Pan      | Gained mutation: Your spells are a little easier to cast,
                  | but a little less powerful. [a cacodemon]
 87719 | Pan      | Gained mutation: Potions cannot restore your health. [a
                  | cacodemon]
 87870 | Pan      | Found an exit through the horrors of the Abyss.
 87986 | Pan      | Entered the realm of Gloorx Vloq.
 88107 | Pan      | Gained mutation: You can hurl damnation. [demonic ancestry]
 88107 | Pan      | Reached XP level 27. HP: 192/192 MP: 34/34
 88175 | Pan      | Identified the +1 scale mail of the Bedazzling Gods {Will-
                  | Str+3 Dex+2 Slay+5}
 88315 | Pan      | Received a gift from Okawaru
 88356 | Pan      | Gained mutation: Your magical capacity is low. (-10% MP)
                  | [hidden defects]
 88377 | Pan      | Noticed Gloorx Vloq
 88696 | Arena    | Entered the Arena
 88710 | Arena    | Killed Gloorx Vloq
 88801 | Pan      | Got a dark rune of Zot
 89165 | Pan      | Found a transporter.
 89226 | Pan      | Reached skill level 5 in Armour
 89241 | Pan      | Found a transporter.
 89247 | Pan      | Identified the ring "Kofuf" {Ice rElec rPois Will+}
 89251 | Pan      | Identified the +2 chain mail "Ibremaor" {rF+}
 89259 | Pan      | Identified the ring "Rastremi" {rPois rF+ Slay+4 Stlth+}
 89362 | Pan      | Entered the realm of Mnoleg.
 89385 | Pan      | Gained mutation: You are weak. (Str -2) [a neqoxec]
 89449 | Pan      | Gained mutation: You have a pair of small antennae on your
                  | head. [a cacodemon]
 89460 | Pan      | Gained mutation: Your body sometimes deteriorates upon
                  | taking damage. [a cacodemon]
 89536 | Pan      | Gained mutation: You have terrible hidden genetic defects.
                  | [a neqoxec]
 89542 | Pan      | Gained mutation: You are very weak. (Str -4) [a cacodemon]
 89601 | Pan      | Noticed Mnoleg
 89606 | Pan      | Gained mutation: Your body often deteriorates upon taking
                  | damage. [a neqoxec]
 89644 | Pan      | Killed Mnoleg
 89680 | Pan      | Gained mutation: You occasionally shout uncontrollably at
                  | your foes. [hidden defects]
 89680 | Pan      | Lost mutation: You have terrible hidden genetic defects.
                  | [hidden defects expressed]
 89681 | Pan      | Got a glowing rune of Zot
 89804 | Pan      | Gained mutation: You are clumsy. (Dex -2) [a cacodemon]
 89829 | Pan      | Gained mutation: You sometimes lose your temper in combat.
                  | [a cacodemon]
 89831 | Pan      | Gained mutation: You are vulnerable to cold. (rC-) [a
                  | cacodemon]
 89840 | Pan      | Gained mutation: You are frail. (-10% HP) [a cacodemon]
 89841 | Pan      | Gained mutation: Your spells are easier to cast, but less
                  | powerful. [a cacodemon]
 89896 | Pan      | Gained mutation: You are very clumsy. (Dex -4) [a neqoxec]
 89923 | Pan      | Gained mutation: You have an uncontrollable temper. [a
                  | neqoxec]
 89928 | Pan      | Reached skill level 26 in Evocations
 89933 | Pan      | Gained mutation: You frequently scream uncontrollably at
                  | your foes. [a neqoxec]
 90023 | Pan      | Gained mutation: You are dopey. (Int -2) [a cacodemon]
 90193 | Pan      | Entered the realm of Lom Lobon.
 90367 | Pan      | Reached skill level 15 in Stealth
 90409 | Pan      | Lost mutation: Your spells are easier to cast, but less
                  | powerful. [potion of mutation]
 90409 | Pan      | Lost mutation: Your spells are a little easier to cast, but
                  | a little less powerful. [potion of mutation]
 90409 | Pan      | Lost mutation: You are frail. (-10% HP) [potion of
                  | mutation]
 90409 | Pan      | Lost mutation: You have hidden genetic defects. [potion of
                  | mutation]
 90410 | Pan      | Lost mutation: Your body often deteriorates upon taking
                  | damage. [potion of mutation]
 90410 | Pan      | Lost mutation: You are vulnerable to cold. (rC-) [potion of
                  | mutation]
 90410 | Pan      | Lost mutation: You have an uncontrollable temper. [potion
                  | of mutation]
 90410 | Pan      | Gained mutation: Your spells are a little harder to cast,
                  | but a little more powerful. [potion of mutation]
 90411 | Pan      | Lost mutation: Potions cannot restore your health. [potion
                  | of mutation]
 90411 | Pan      | Lost mutation: You sometimes lose your temper in combat.
                  | [potion of mutation]
 90411 | Pan      | Lost mutation: Your magical capacity is low. (-10% MP)
                  | [potion of mutation]
 90411 | Pan      | Gained mutation: You sometimes lose the ability to read
                  | scrolls when taking damage. [potion of mutation]
 90411 | Pan      | Gained mutation: Your system is resistant to poisons.
                  | (rPois) [potion of mutation]
 90418 | Pan      | Lost mutation: You are very clumsy. (Dex -4) [potion of
                  | mutation]
 90418 | Pan      | Lost mutation: You are very weak. (Str -4) [potion of
                  | mutation]
 90418 | Pan      | Gained mutation: You are occasionally teleported next to
                  | monsters. [potion of mutation]
 90419 | Pan      | Lost mutation: Potions are less effective at restoring your
                  | health. [potion of mutation]
 90419 | Pan      | Lost mutation: You sometimes lose the ability to read
                  | scrolls when taking damage. [potion of mutation]
 90419 | Pan      | Lost mutation: Your spells are a little harder to cast, but
                  | a little more powerful. [potion of mutation]
 90419 | Pan      | Gained mutation: You are somewhat resistant to further
                  | mutation. [potion of mutation]
 90454 | Pan      | Found an exit through the horrors of the Abyss.
 90830 | Pan      | Noticed Lom Lobon
 90844 | Pan      | Got a magical rune of Zot
 90873 | Pan      | Took an exit into the Abyss.
 90873 | Abyss:3  | Escaped into the Abyss
 91137 | Abyss:3  | Found a corrupted altar of Lugonu.
 91256 | Depths:3 | Escaped the Abyss
 91301 | Zot:1    | Entered Level 1 of the Realm of Zot
 91608 | Zot:1    | Noticed an orb of fire
 91718 | Zot:1    | Killed an orb of fire
 91731 | Zot:1    | Identified the +1 buckler "Cetufix" {Rampage rN+} (Okawaru
                  | gifted it to you on level 1 of the Realm of Zot)
 91731 | Zot:1    | Received a gift from Okawaru
 92556 | Zot:2    | Found a runed translucent gate.
 92557 | Zot:2    | Found a runed translucent gate.
 92558 | Zot:2    | Found a runed translucent gate.
 92559 | Zot:2    | Found an opulent altar of Gozag.
 92560 | Zot:2    | Found Notef's Assorted Antiques.
 92561 | Zot:2    | Noticed Zeaxzic Paph's ghost (veteran OgBe)
 92562 | Zot:2    | Found Hutam's Assorted Antiques.
 92999 | Zot:2    | Noticed an orb of fire
 93004 | Zot:2    | Gained mutation: Your spells are a little easier to cast,
                  | but a little less powerful. [an orb of fire]
 93033 | Zot:1    | Killed an orb of fire
 93144 | Zot:2    | Bought a distressingly furry plate armour for 1008 gold
                  | pieces
 93144 | Zot:2    | Identified the +2 plate armour of Indomitability {rN+
                  | Dex+3} (You bought it in a shop on level 2 of the Realm of
                  | Zot)
 93144 | Zot:2    | Bought a scroll of teleportation for 108 gold pieces
 93144 | Zot:2    | Bought an ichor-stained chain mail for 342 gold pieces
 93144 | Zot:2    | Identified the +9 chain mail "Nuust" {rElec} (You bought it
                  | in a shop on level 2 of the Realm of Zot)
 93151 | Zot:2    | Bought a heavily runed chain mail for 418 gold pieces
 93151 | Zot:2    | Identified the +3 chain mail of the Trilobite {rElec Dex+2}
                  | (You bought it in a shop on level 2 of the Realm of Zot)
 93866 | Zot:2    | Killed Zeaxzic Paph's ghost
 94495 | Zot:3    | Reached skill level 15 in Fighting
 94522 | Zot:3    | Reached skill level 27 in Evocations
 94716 | Zot:3    | Found a runed translucent door.
 94761 | Zot:3    | Found a shimmering altar of Xom.
 94761 | Zot:3    | Noticed Aklawnof's ghost (legendary VSBe)
 94766 | Zot:3    | Identified the +9 chain mail of Unreason {Rampage}
 95109 | Zot:4    | Received a gift from Okawaru
 96037 | Zot:4    | Noticed a dread lich
 96094 | Zot:4    | Noticed an orb of fire
 96095 | Zot:4    | Found a shimmering blue altar of Sif Muna.
 96140 | Zot:4    | Found a transporter.
 96256 | Zot:4    | Noticed an ancient lich
 96866 | Zot:4    | Killed an orb of fire
 96897 | Zot:4    | Killed an ancient lich
 96917 | Zot:4    | Killed a dread lich
 96962 | Zot:4    | Found a transporter.
 97082 | Zot:5    | Entered Level 5 of the Realm of Zot
 97149 | Zot:5    | Noticed an orb of fire
 97177 | Zot:5    | Killed an orb of fire
 97206 | Zot:5    | Noticed an orb of fire
 97206 | Zot:5    | Noticed an orb of fire
 97207 | Zot:5    | Noticed a dread lich
 97697 | Zot:4    | Killed a dread lich
 98115 | Zot:5    | Killed an orb of fire
 98140 | Zot:4    | HP: 8/310 [orb of fire/fireball (20)]
 98145 | Zot:4    | HP: 2/310 [orb of fire/fireball (9)]
 98151 | Zot:4    | Killed an orb of fire
 98318 | Zot:5    | Noticed an orb of fire
 98346 | Zot:5    | Killed an orb of fire
 98496 | Zot:5    | Found a runed translucent door.
 98497 | Zot:5    | Noticed FacelessVoid's ghost (veteran DsWn)
 98621 | Zot:5    | Noticed an ancient lich
 98635 | Zot:5    | Noticed a dread lich
 98656 | Zot:5    | Killed an ancient lich
 98659 | Zot:5    | Gained mutation: You occasionally lose the ability to drink
                  | potions when taking damage. [a cacodemon]
 98674 | Zot:5    | Killed a dread lich
 98957 | Zot:5    | Identified the +9 plate armour of the Louse {Drain rCorr
                  | Int+3}
 99546 | Depths:2 | You paid a toll of 11 potions of heal wounds to enter a
                  | treasure trove
 99547 | Trove    | Entered a treasure trove
 99609 | Depths:2 | Lost mutation: You occasionally lose the ability to drink
                  | potions when taking damage. [potion of mutation]
 99609 | Depths:2 | Lost mutation: You frequently scream uncontrollably at your
                  | foes. [potion of mutation]
 99610 | Depths:2 | Lost mutation: You occasionally lose the ability to read
                  | scrolls when taking damage. [potion of mutation]
 99610 | Depths:2 | Lost mutation: Your system is resistant to poisons. (rPois)
                  | [potion of mutation]
 99610 | Depths:2 | Lost mutation: Your spells are a little easier to cast, but
                  | a little less powerful. [potion of mutation]
 99611 | Depths:2 | Lost mutation: You occasionally shout uncontrollably at
                  | your foes. [potion of mutation]
 99611 | Depths:2 | Lost mutation: You are clumsy. (Dex -2) [potion of
                  | mutation]
 99611 | Depths:2 | Gained mutation: You are vulnerable to heat. (rF-) [potion
                  | of mutation]
 99611 | Depths:2 | Gained mutation: You have a pair of antennae on your head.
                  | [potion of mutation]
 99612 | Depths:2 | Lost mutation: You are vulnerable to heat. (rF-) [potion of
                  | mutation]
 99612 | Depths:2 | Lost mutation: You are somewhat resistant to further
                  | mutation. [potion of mutation]
 99612 | Depths:2 | Gained mutation: You are robust. (+10% HP) [potion of
                  | mutation]
 99612 | Depths:2 | Gained mutation: Your body often deteriorates upon taking
                  | damage. [potion of mutation]
 99612 | Depths:2 | Gained mutation: You have large cloven feet. [potion of
                  | mutation]
 99613 | Depths:2 | Lost mutation: Armour fits poorly on your strangely shaped
                  | body. [potion of mutation]
 99613 | Depths:2 | Lost mutation: You have a pair of antennae on your head.
                  | [potion of mutation]
 99613 | Depths:2 | Gained mutation: Your spells are a little easier to cast,
                  | but a little less powerful. [potion of mutation]
 99613 | Depths:2 | Gained mutation: Your movements are slightly less
                  | encumbered by armour. (ER -2) [potion of mutation]
100191 | Zot:5    | Got the Orb of Zot
100585 | D:12     | Received a gift from Okawaru
100724 | D:9      | Noticed Fiot Oxu the pandemonium lord
101014 | D:$      | Escaped with the Orb!

Illustrated notes

Levels and vault maps discovered:
D:1:      lightli_arrival_chessboard, layout_loops_ring, minmay_misc_feat_rows
D:2:      layout_basic, basic_altar, serial_shops, shop,
          hangedman_decor_growths, st_stairs_9, uniq_jessica
D:3:      layout_basic, gammafunk_ghost_nasty_kobolds, uniq_ijyb
D:4:      layout_loops_ring, uniq_menkaure
D:5:      layout_loops_ring, mainiacjoe_overflow_alcove_4,
          nicolae_uskayaw_dance_hall, hellmonk_ghost_happy_afterlife
D:6:      layout_basic, nicolae_overflow_hidden_temple,
          minmay_temple_entry_mini_moons
D:7:      layout_basic, nicolae_overflow_crystal_walls, uniq_pikel
D:8:      layout_rooms, mainiacjoe_overflow_chevrons, hellmonk_lair_entry_icy,
          serial_shops, shop, amcnicky_mini_corridor_feature
D:9:      layout_roguey, kennysheep_little_box, kennysheep_orc_sif_temple,
          enter_bailey_3
D:10:     layout_roguey, uniq_fannar, uniq_josephine
D:11:     layout_long_grid, minmay_orc_entry_temple_small,
          yredelemnul_altar_generic
D:12:     evilmike_diamond_2, layout_long_grid, hangedman_decor_peaks_small,
          grunt_dithmenos_smoke_and_mirrors
D:13:     thingy_vault, layout_rooms, david_vaults_1, gauntlet_entry_generic
D:14:     layout_roguey, dreamdust_princess_corridor
D:15:     hangedman_depths_entry_try_elsewhere_first, layout_rooms,
          chequers_serial_rivers_marsh
Lair:1:   lemuel_ratsnest, layout_misc_corridors, gammafunk_ghost_ooze,
          uniq_grum
Lair:2:   layout_chaotic_city, minmay_swamp_entry_swarm, dummy_spider_entry,
          lemuel_fruit_tree, serial_bayou_shore_a, grunt_megastairs_1
Lair:3:   layout_roguey, grunt_megastairs_4
Lair:4:   layout_layer_cave, minmay_slime_entry_pillars, grunt_megastairs_2
Lair:5:   grunt_lair_end_beastmaster, layout_cave_pods
Swamp:1:  layout_falls_marsh, nicolae_swamp_godswood, swamp_pool4,
          nicolae_swamp_little_swirl, uniq_jorgrun, uniq_nikola
Swamp:2:  layout_falls_marsh, portal_ice_cave_entry_pillars_three,
          evilmike_swamp_ruin_house_4, swamp_pool3, grunt_lady_of_the_lake
Swamp:3:  layout_falls_marsh, evilmike_swamp_ruin_house_3,
          infiniplex_staircase_pool
Swamp:4:  swamp_basic_johnstein, layout_basic_swamp, uniq_mara, uniq_roxanne,
          uniq_bai_suzhen
Spider:1: nicolae_spider_hilbert_zone_4 [nicolae_spider_hilbert_4_sides_2_open,
          nicolae_spider_hilbert_4_sides_1_open,
          nicolae_spider_hilbert_4_sides_1_open,
          nicolae_spider_hilbert_4_sides_1_open,
          nicolae_spider_hilbert_4_sides_1_open,
          nicolae_spider_hilbert_2_sides_1_open,
          nicolae_spider_hilbert_2_sides_1_open,
          nicolae_spider_hilbert_2_sides_1_open,
          nicolae_spider_hilbert_2_sides_1_open,
          nicolae_spider_hilbert_6_sides_1_open,
          nicolae_spider_hilbert_6_sides_1_open,
          nicolae_spider_hilbert_3_sides_1_open,
          nicolae_spider_hilbert_3_sides_1_open], uniq_donald, uniq_agnes,
          uniq_kirke
Spider:2: layout_spider_delve
Spider:3: layout_chambers, ebering_ghost_xom, uniq_azrael
Spider:4: grunt_spider_rune_circles, gammafunk_ghost_necromancy,
          nicolae_crawler_farm
Slime:1:  layout_caves, cheibrodos_slime_lost_civilization_7
Slime:2:  layout_caves
Slime:3:  layout_caves
Slime:4:  layout_caves
Slime:5
Orc:1:    nicolae_orc_accident_1, layout_diamond_mine, uniq_urug, uniq_erica
Orc:2:    grunt_orc_gardens, layout_caves, grunt_orc_garden, grunt_orc_garden,
          grunt_orc_garden, grunt_orc_garden, serial_shops, shop_statue
Elf:1:    minmay_elf_arrival_summoners, layout_geoelf_octagon, serial_shops,
          shop, hangedman_elf_disciples, hex_tiny, small_chamber_with_monster
Elf:2:    nicolae_elf_blades_crystal_corner, layout_loops_corners,
          mumra_transporter_accident, lemuel_upstairs_altar
Elf:3:    minmay_elf_hall_quartered_circle, layout_onion_city
Vaults:1: nicolae_vaults_what_the_h, v_misc_24, v_misc_30, vaults_dpeg_hooks,
          v_pattern_5, nicolae_vaults_shelves_hall, nicolae_vaults_back_hallway,
          vaults_room_fours, nicolae_vaults_little_squares_5,
          ontoclasm_vaults_eye, v_rooms_5, layout_vaults_omnibox
Vaults:2: nicolae_vaults_twisting_passages, nicolae_vaults_asterisk,
          hangedman_vaults_stretched_pinwheel, hangedman_vaults_stagger,
          v_rooms_2, nicolae_vaults_network_square, nicolae_vaults_asterisk,
          nicolae_vaults_rhombus_6, nicolae_vaults_little_squares_6,
          layout_vaults_maze_snakey, uniq_xtahua
Vaults:3: v_misc_22, vaults_dpeg_spiral, minmay_crypt_entry_necro_gods,
          v_misc_19, vaults_dpeg_doors, v_misc_12, vaults_standard_mumra_x,
          layout_vaults_omnigrid
Vaults:4: ontoclasm_vaults_twist, hangedman_vaults_slither,
          ontoclasm_vaults_bender, v_misc_26, nicolae_vaults_c_with_doors,
          ontoclasm_vaults_gateway, nicolae_vaults_little_squares_5, v_misc_18,
          nicolae_vaults_ring_of_whatevers, hangedman_vaults_nails,
          nicolae_vaults_ring_of_whatevers, grunt_vaults_funnel,
          layout_vaults_big_room, serial_shops, shop
Vaults:5
Crypt:1:  layout_misc_corridors, library_closet
Crypt:2:  cheibrodos_crypt_eye_of_stone, layout_misc_corridors,
          serial_sigils_hangedman_shear, due_unseen_surprise
Crypt:3:  church_of_pain_bobbens, layout_chaotic_city, minivault_25,
          uniq_frederick
Tomb:1
Tomb:2
Depths:1: layout_gridlike, glass_columns_c,
          nicolae_hell_entry_hellmouth_sunbeams, abyss_entry, tso_altar
Depths:2: thingy_vault_2, layout_cave_pools, serial_shops,
          nicolae_lakefront_shop, minmay_misc_feat_room,
          nicolae_trove_entry_crossroad, hangedman_tar_grid_catacomb, pan_entry,
          minmay_misc_feat_diagonals
Depths:3: minmay_spriggan_fort, layout_basic, enter_ziggurat_f, pan_entry,
          grunt_hell_entry_dis_grunt, hangedman_abyss_entry_splay,
          kennysheep_generic_room_15
Depths:4: grunt_zot_entry_funnels, layout_long_grid, hell_entry,
          nicolae_qazlal_eye_of_the_storm
Hell
Zot:1:    layout_gridlike
Zot:2:    grunt_zot_stairs_faceoff, layout_onion, ebering_ghost_gozag
Zot:3:    layout_basic, ebering_ghost_xom
Zot:4:    gammafunk_sealed_library, layout_gridlike, drop_trap, uniq_grunn
Zot:5:    layout_basic, ebering_ghost_reflecting_pool, st_stairs_13

Skill      XL: |  1  2  3  4  5  6  7  8  9 10 11 12 13 14 15 16 17 18 19 20 21 22 23 24 25 26 27 |
---------------+----------------------------------------------------------------------------------+-----
Unarmed Combat | 3 4 |  4.5
Short Blades   | 2 3 5 7 9 11 13 | 13.2
Fighting       | 3 6 9 10 15 | 15.0
Dodging        | 4 5 6 9 12 14 16 17 18 19 20 21 22 | 22.6
Transmutations | 3 6 |  6.0
Stealth        | 4 5 6 8 11 12 16 | 16.0
Invocations    | 5 10 14 15 16 | 16.2
Evocations     | 3 5 6 9 13 15 16 17 18 19 20 22 23 24 25 27 | 27.0
Staves         | 3 10 12 | 12.0
Shields        | 2 4 5 8 10 13 15 22 | 22.0
Armour         | 2 3 5 |  5.0
Ranged Weapons | 6 14 | 14.0
Spellcasting   | |  2.0

Action                     |  1- 3 |  4- 6 |  7- 9 | 10-12 | 13-15 | 16-18 | 19-21 | 22-24 | 25-27 || total
---------------------------+-------+-------+-------+-------+-------+-------+-------+-------+-------++-------
  Melee: Unarmed           |    76 |     6 |       |       |       |       |       |       |       ||    82
         Kick              |     6 |       |    26 |    84 |    70 |       |       |       |       ||   186
         Touch             |    11 |    11 |    46 |   174 |   290 |   163 |   165 |       |       ||   860
         Headbutt          |     2 |       |    12 |    57 |    46 |       |       |       |       ||   117
         Punch             |     1 |     3 |     7 |    26 |    55 |    36 |    40 |       |       ||   168
         Dagger            |       |    91 |   226 |   779 |   920 |       |       |       |       ||  2016
         Staff             |       |       |       |       |   162 |   937 |  1870 |  2313 |  5175 || 10457
         Rapier            |       |       |       |       |       |       |       |     2 |   217 ||   219
   Fire: Greatsling        |       |       |       |       |       |       |       |       |   361 ||   361
   Cast: Beastly Appendage |     6 |       |     9 |    18 |     9 |       |       |     1 |       ||    43
         Wereblood         |       |       |     5 |    30 |    10 |     1 |       |       |       ||    46
         Blink             |       |       |       |       |       |     1 |       |       |     5 ||     6
 Invoke: Heroism           |       |       |       |     3 |     5 |     4 |     6 |    19 |    20 ||    57
         Finesse           |       |       |       |       |     1 |       |     1 |     7 |    14 ||    23
         Duel              |       |       |       |       |       |       |       |       |     1 ||     1
Ability: Evoke the Staff o |       |       |       |       |    56 |    76 |    46 |    76 |    18 ||   272
         Hurl Damnation    |       |       |       |       |       |       |       |       |     3 ||     3
  Evoke: Wand              |       |       |       |     5 |     4 |     7 |    11 |    39 |    35 ||   101
         Lightning rod     |       |       |       |       |       |     5 |     4 |     4 |     9 ||    22
         Condenser vane    |       |       |       |       |       |     1 |     2 |     7 |    14 ||    24
         Piece from Xom's  |       |       |       |       |       |       |       |     2 |     2 ||     4
         Phial of floods   |       |       |       |       |       |       |       |       |     2 ||     2
    Use: Scroll            |       |       |    23 |     4 |     9 |     6 |    15 |    11 |    27 ||    95
         Potion            |       |       |     2 |     3 |       |     2 |     2 |     7 |    23 ||    39
   Stab: Sleeping          |     2 |     6 |     1 |    23 |    24 |    12 |    64 |    31 |    55 ||   218
         Invisible         |       |       |       |     3 |       |       |       |       |       ||     3
         Paralysed         |       |       |       |     2 |     2 |       |       |     2 |       ||     6
         Distracted        |       |       |       |     3 |     3 |     6 |     6 |    16 |    31 ||    65
         Petrified         |       |       |       |       |     5 |       |       |       |       ||     5
         Petrifying        |       |       |       |       |     1 |       |       |       |       ||     1
         Confused          |       |       |       |       |       |       |       |       |     3 ||     3
 Armour: Robe              |    16 |    13 |    51 |    35 |    85 |   217 |   159 |   121 |     5 ||   702
         Animal skin       |       |       |       |       |       |       |       |       |   336 ||   336
         Leather armour    |       |       |       |       |       |       |       |       |   119 ||   119
  Dodge: Dodged            |    38 |    28 |    99 |   399 |   917 |  1134 |  1712 |  1824 |  4947 || 11098
  Block: Other             |       |       |    22 |   139 |   334 |   356 |   192 |       |       ||  1043
         Reflection        |       |       |       |     2 |    10 |    15 |    44 |       |       ||    71
         Buckler           |       |       |       |       |       |   146 |   436 |       |       ||   582
         Kite shield       |       |       |       |       |       |       |   616 |  2180 |  5853 ||  8649
         Orb               |       |       |       |       |       |       |       |     3 |     4 ||     7

Table legend: (Time is in decaauts)
 A = Elapsed time spent in this place.
 B = Non-inter-level travel time spent in this place.
 C = Inter-level travel time spent in this place.
 D = Time resting spent in this place.
 E = Time spent auto-exploring this place.
 F = Levels seen in this place.
 G = Mean time per level.
                   A        B        C        D        E       F      G
               +--------+--------+--------+--------+--------+-----+--------+
         Total |  96923 |  88853 |   8070 |  22266 |  39433 |  83 | 1167.7 |
       Dungeon |  17362 |  14299 |   3063 |   1596 |   9375 |  15 | 1157.5 |
          Lair |   7058 |   6396 |    662 |   1106 |   3891 |   5 | 1411.6 |
         Swamp |   6258 |   6151 |    107 |   3009 |   1917 |   4 | 1564.5 |
   Spider Nest |   7440 |   7207 |    233 |   2756 |   2952 |   4 | 1860.0 |
    Slime Pits |   4714 |   4623 |     91 |   3031 |    300 |   5 |  942.8 |
  Orcish Mines |   3203 |   2985 |    218 |   1277 |    980 |   2 | 1601.5 |
   Elven Halls |   6617 |   6296 |    321 |   1992 |   2968 |   3 | 2205.7 |
        Vaults |  11139 |   9868 |   1271 |   1669 |   5556 |   5 | 2227.8 |
         Crypt |   4446 |   4089 |    357 |    377 |   1643 |   3 | 1482.0 |
          Tomb |   3385 |   3202 |    183 |   1018 |    523 |   2 | 1692.5 |
        Depths |   9283 |   8450 |    833 |   1665 |   4882 |   4 | 2320.8 |
          Hell |   1065 |   1065 |      0 |    108 |    376 |   1 | 1065.0 |
           Zot |   8187 |   7462 |    725 |   1602 |   3256 |   5 | 1637.4 |
         Abyss |   1176 |   1176 |      0 |     28 |      0 |   6 |  196.0 |
   Pandemonium |   4718 |   4718 |      0 |    876 |    666 |  14 |  337.0 |
         Trove |     51 |     51 |      0 |      0 |      0 |   1 |   51.0 |
        Bailey |    216 |    216 |      0 |      0 |      9 |   1 |  216.0 |
      Ice Cave |     68 |     68 |      0 |      0 |      0 |   1 |   68.0 |
      Gauntlet |    507 |    507 |      0 |    154 |    137 |   1 |  507.0 |
         Arena |     20 |     20 |      0 |      0 |      0 |   1 |   20.0 |
               +--------+--------+--------+--------+--------+-----+--------+

Top non-repeatable levels by time:
 Slime:4: 3325 daAuts
Depths:1: 3033 daAuts
   Elf:2: 3027 daAuts
Vaults:5: 2856 daAuts
Vaults:4: 2707 daAuts
 Swamp:3: 2648 daAuts
   Zot:4: 2629 daAuts
Spider:4: 2515 daAuts
   Elf:3: 2356 daAuts
Depths:3: 2328 daAuts
Vaults:1: 2290 daAuts
Spider:3: 2194 daAuts
    D:12: 2167 daAuts
 Crypt:3: 2148 daAuts
   Orc:1: 2028 daAuts
